AoeStats
← 海峡

Arabia

508599344Analyzed
1v1 RM · 10d ago on Sep 23, 2026· 23m 29s· 2 players
Game mode
Random Map
Map size
Tiny (2 player)
Population
200
Speed
Normal
Resources
Standard
Victory
Conquest
Starting age
Dark Age
Ending age
Imperial Age
RankedLock teamsTeams togetherTeam positionsShared explorationLock speedFull tech treeHidden civsTurbo modeCheats
Victory
Defeat
🇨🇳 Danes · China
1622
+17
🇹🇼 Poles · Taiwan
1654
-17
海峡
6:10 Loom
8:39 Feudal Age
8:52 Man-at-Arms
9:19 Double-Bit Axe
11:44 Arson
13:31 Scale Mail Armor
15:58 Forging
23:16 Castle Age
22:18 Gold Mining
asd911s
5:57 Loom
9:29 Feudal Age
10:36 Double-Bit Axe
10:32 Horse Collar
21:04 Fletching
Connection lost

Rejoining the realm…

Still unreachable

The connection could not be restored.

Session expired

The server has moved on; the page needs a fresh start.